AoeStats
← blb_00

Arena

510277498Analyzed
1v1 RM · 19h ago on Sep 30, 2026· 38m 28s· 2 players
Game mode
Random Map
Map size
Tiny (2 player)
Population
200
Speed
Normal
Resources
Standard
Victory
Conquest
Starting age
Dark Age
Ending age
Imperial Age
RankedLock teamsTeams togetherTeam positionsShared explorationLock speedFull tech treeHidden civsTurbo modeCheats
Victory
Defeat
🇨🇭 Britons · Switzerland
772
+15
🇪🇸 Spanish · Spain
748
-15
blb_00
0:45 Loom
10:40 Feudal Age
11:05 Horse Collar
12:34 Wheelbarrow
12:04 Double-Bit Axe
13:43 Stone Mining
18:58 Castle Age
18:14 Gold Mining
20:15 Bow Saw
20:47 Stone Shaft Mining
22:36 Hand Cart
26:34 Heavy Plow
35:30 Imperial Age
35:19 Ballistics
34:38 Pikeman
35:47 Cavalier
37:56 Paladin
38:36 Husbandry
38:47 Bloodlines
sneakingfox
12:31 Feudal Age
12:02 Loom
13:25 Double-Bit Axe
13:21 Horse Collar
17:10 Castle Age
16:44 Stone Mining
19:31 Bow Saw
20:30 Wheelbarrow
30:00 Imperial Age
29:34 Ballistics
29:10 Murder Holes
29:09 Fletching
30:00 Bodkin Arrow
31:20 Conscription
31:57 Hoardings
31:30 Bracer
31:31 Padded Archer Armor
33:27 Chemistry
34:14 Town Watch
34:35 Gold Mining
35:43 Town Watch
35:42 Onager
38:24 Warwolf
Connection lost

Rejoining the realm…

Still unreachable

The connection could not be restored.

Session expired

The server has moved on; the page needs a fresh start.